Map: Dead of Night

Players

Chiller

  • Race: Protoss Protoss
  • Spawn Location: 0:00

NamroodTuo

  • Race: Terran Terran

VOD

Have the link to the VOD?

Description

Time

  • Played on: May 9, 2023, 12:10 p.m.
  • Length: 25:46
Show
View Real Time Build Order
Export as new Build Order

Chiller Protoss 

Build Orders:  

Get SALT Encoding   

  12  0:31  Probe (Chrono Boost)  
  13  0:45  Probe (Chrono Boost)  
  14  0:59  Probe (Chrono Boost), Xel'Naga Passageway  
  15  1:11  Xel'Naga Passageway  
  15  1:13  Probe (Chrono Boost)  
  16  1:26  Probe (Chrono Boost)  
  17  1:40  Probe (Chrono Boost)  
  18  1:54  Probe (Chrono Boost)  
  19  2:08  Probe (Chrono Boost)  
  20  2:12  Core Forge  
  20  2:22  Probe (Chrono Boost)  
  20  2:27  Xel'Naga Ambusher  
  23  2:37  Xel'Naga Ambusher  
  25  3:19  Constructs Facility, Xel'Naga Shieldguard x2  
  29  3:37  Xel'Naga Shieldguard  
  29  3:38  Xel'Naga Ambusher  
  33  4:15  Tesseract Cannon  
  33  4:18  Tesseract Cannon  
  33  5:09  Constructs Facility  
  33  5:19  Constructs Bay  
  33  5:29  Probe (Chrono Boost)  
  33  5:38  Void Shrine  
  34  5:43  Probe (Chrono Boost)  
  35  5:57  Probe (Chrono Boost)  
  36  6:08  Tesseract Cannon  
  36  6:11  Probe (Chrono Boost), Tesseract Cannon  
  37  6:22  Xel'Naga Shieldguard  
  37  6:23  Xel'Naga Shieldguard  
  37  6:25  Probe (Chrono Boost)  
  42  7:21  Tesseract Cannon  
  42  7:51  Tesseract Cannon  
  42  7:53  Tesseract Cannon  
  42  7:56  Tesseract Cannon  
  42  8:01  Tesseract Cannon  
  42  8:19  Tesseract Cannon  
  42  9:21  Tesseract Cannon  
  42  9:26  Tesseract Cannon  
  42  9:28  Tesseract Cannon  
  42  9:35  Tesseract Cannon  
  42  10:02  Tesseract Cannon  
  42  10:18  Tesseract Cannon  
  42  10:30  Probe (Chrono Boost)  
  43  10:44  Probe (Chrono Boost)  
  44  10:58  Probe (Chrono Boost)  
  45  11:00  Tesseract Cannon  
  45  11:10  Tesseract Cannon  
  45  11:12  Probe (Chrono Boost)  
  46  11:26  Probe (Chrono Boost)  
  47  12:29  Xel'Naga Enforcer  
  51  12:35  Xel'Naga Enforcer  
  55  13:28  Xel'Naga Enforcer  
  59  16:06  Xel'Naga Enforcer  
  59  16:07  Xel'Naga Enforcer  
  67  16:12  Void Templar x2  
  71  16:33  Void Templar  
  71  16:35  Xel'Naga Abrogator  
  76  20:12  Tesseract Cannon  
  76  20:14  Tesseract Cannon  
  76  20:39  Void Templar x2  
  80  20:44  Xel'Naga Abrogator x2  
  86  21:09  Xel'Naga Enforcer x2  
  94  21:36  Xel'Naga Enforcer  
  94  22:56  Xel'Naga Enforcer  
  94  22:59  Xel'Naga Enforcer  
  100  23:55  Tesseract Cannon  
  100  24:56  Serdath Legion  
Show
View Real Time Build Order
Export as new Build Order

NamroodTuo Terran 

Build Orders:  

Get SALT Encoding   

  12  0:04  SCV  
  13  0:21  SCV  
  14  0:38  SCV  
  15  0:45  Engineering Bay  
  15  0:54  Refinery  
  15  0:55  SCV  
  16  1:12  SCV  
  16  1:13  Refinery  
  17  1:29  SCV  
  18  1:37  Refinery  
  18  1:46  SCV  
  19  2:03  SCV  
  20  2:11  Auto-Turret  
  20  2:20  SCV  
  21  2:36  Outlaw Weapons Level 1  
  21  2:37  SCV  
  22  2:51  Auto-Turret  
  22  2:55  SCV  
  23  3:01  Tychus  
  23  3:39  Gunslingers Hideout  
  23  3:50  Auto-Turret  
  23  3:56  SCV  
  24  4:27  SCV  
  25  4:35  Auto-Turret  
  25  4:36  ITC-E Triggers  
  25  4:44  SCV  
  26  5:01  SCV  
  27  5:18  SCV  
  28  5:35  SCV  
  29  5:42  Auto-Turret  
  29  5:52  SCV  
  30  6:06  Outlaw Life and Armor Level 1  
  30  6:09  Crooked Sam  
  40  6:22  SCV  
  41  6:32  Auto-Turret  
  41  6:39  SCV  
  42  6:56  Auto-Turret, SCV  
  43  7:16  Auto-Turret  
  43  7:19  SCV  
  44  7:36  SCV  
  45  7:52  SCV  
  46  8:10  Muscle Armory  
  46  8:21  Auto-Turret  
  46  8:48  Auto-Turret  
  46  9:15  Auto-Turret  
  46  9:19  James Sirius Sykes  
  56  9:23  SCV  
  57  9:43  Auto-Turret  
  57  11:01  SCV  
  57  11:05  Flashforce GDM Visor  
  58  11:17  Auto-Turret  
  58  11:18  SCV  
  59  11:35  SCV  
  60  11:44  Auto-Turret  
  60  11:52  SCV  
  61  12:09  SCV  
  62  12:11  Auto-Turret  
  62  12:19  Auto-Turret  
  62  12:26  SCV  
  63  12:32  Auto-Turret  
  63  12:35  Endurance Supplements  
  63  12:39  Auto-Turret  
  63  12:48  Auto-Turret  
  63  12:59  Auto-Turret  
  63  13:06  Auto-Turret  
  63  13:15  Auto-Turret  
  63  13:33  Auto-Turret  
  63  13:44  Auto-Turret  
  63  13:57  Auto-Turret  
  63  14:01  Auto-Turret  
  63  14:05  Outlaw Life and Armor Level 2  
  63  14:07  Auto-Turret  
  63  14:12  Auto-Turret  
  63  14:14  SCV  
  64  14:25  Auto-Turret  
  64  14:28  Auto-Turret  
  64  14:31  SCV  
  65  14:48  SCV  
  66  14:53  Auto-Turret  
  66  14:56  Auto-Turret  
  66  15:15  Miles Blaze Lewis  
  76  15:24  Auto-Turret  
  76  15:52  Auto-Turret  
  76  16:18  Kel-Morian Ripper Rounds  
  76  16:19  Auto-Turret  
  76  16:24  Outlaw Weapons Level 2  
  76  17:04  Fixers Safehouse  
  76  18:44  Outlaw Life and Armor Level 3  
  76  18:56  Wildflame Fuel Additives  
  76  18:58  Vanadium Shell, KD9a Implosion Core  
  76  19:19  Medivac Platform  
  76  20:36  Auto-Turret  
  76  20:47  Auto-Turret  
  76  21:01  Nux  
  76  21:03  Auto-Turret  
  86  21:15  Auto-Turret  
  86  21:19  Auto-Turret  
  86  21:24  Outlaw Weapons Level 3  
  86  21:29  Auto-Turret  
  86  21:43  Auto-Turret  
  86  21:47  Auto-Turret  
  86  21:56  Auto-Turret  
  86  23:40  Hades Oil, High Capacity Containers  
  86  23:43  Procyon Shade Suit  
  86  24:40  Crystalline Amplifiers  
Tags
 
Commander
TychusZeratul
Matchup
Co-op
Replay Pack
Multiplayer
Add a new tag
Caveats
  • Supply blocks, unpowered buildings, or Contaminate may cause inaccurate times.
  • Supply counts are checked every 10 seconds.